 Dungeon Crawl Stone Soup version 0.17-a0-1996-gd2c0ec8 (webtiles) character file.

12312 brucemayne the Bludgeoner (level 11, -3/157 HPs)
             Began as a Troll Hunter on Oct 7, 2015.
             Was a High Priest of Trog.
             Slain by an eight-headed hydra (5 damage)
             ... on level 11 of the Dungeon.
             The game lasted 00:38:45 (7777 turns).

brucemayne the Bludgeoner (Troll Hunter)            Turns: 7777, Time: 00:38:45

Health: -3/157     AC: 11    Str: 28    XL:     11   Next: 60%
Magic:  10/10      EV: 10    Int:  7    God:    Trog [*****.]
Gold:   137        SH:  0    Dex: 12    Spells: 0 memorised, 10 levels left

rFire  . . .     SeeInvis .     I - +2 flail (protect)
rCold  . . .     Clarity  .     d - +0 robe
rNeg   . . .     SustAt   .     (no shield)
rPois  .         Gourm    +     (helmet restricted)
rElec  .         Spirit   .     o - +0 cloak
rCorr  .         Warding  .     (gloves unavailable)
rMut   .         Stasis   .     (boots unavailable)
MR     +....                    (no amulet)
Stlth  ..........               (no ring)
                                (no ring)

@: berserking, very quick, somewhat resistant to hostile enchantments, extremely
unstealthy
A: unfitting armour, claws 3, hooves 1, fast metabolism 3, gourmand, magic
resistance 1, regeneration 2, shaggy fur 1, tough skin 2, no device heal 1
a: Burn Spellbooks, Berserk, Trog's Hand, Brothers in Arms, Renounce Religion


You were on level 11 of the Dungeon.
You worshipped Trog.
Trog was extremely pleased with you.
You were not hungry.

You visited 2 branches of the dungeon, and saw 16 of its levels.

You collected 1229 gold pieces.
You spent 1092 gold pieces at shops.

Inventory:

Hand Weapons
 c - a +0 short sword
 e - a +0 hand axe of distortion
 j - a +0 whip
 n - a +1 vampiric whip
 q - a +2 mace of protection
 t - a +2 whip of venom
 v - a +1 dagger of electrocution
 w - a +2 mace of protection
 D - a +0 giant spiked club
 E - a +2 hand axe of flaming
 I - a +2 flail of protection (weapon)
 J - a +1 morningstar of protection
Missiles
 a - 4 large rocks (quivered)
 F - 3 silver tomahawks
 G - 5 needles of frenzy
Armour
 d - a +0 robe (worn)
 o - a +0 cloak (worn)
Wands
 b - a wand of confusion (18)
 p - a wand of slowing (45)
 x - a wand of digging (7)
 y - a wand of disintegration (15)
 H - a wand of hasting (3)
 K - a wand of teleportation (5)
Scrolls
 f - a scroll of blinking
 h - 6 scrolls of remove curse
 u - a scroll of noise
 O - a scroll of identify
Potions
 i - 2 potions of flight
 k - a potion of magic {unknown}
 l - a potion of lignification {unknown}
 r - a potion of degeneration {unknown}
 z - 2 potions of heal wounds {unknown}
 A - 2 potions of might {unknown}
 C - a potion of invisibility {unknown}
 L - a potion of haste {unknown}
 M - a potion of agility {unknown}
Books
 s - a Grand Grimoire

   Spells                             Type                      Level
   a - Monstrous Menagerie            Summoning                    6
   b - Summon Greater Demon           Summoning                    7
   c - Malign Gateway                 Summoning/Translocation      7
   d - Summon Horrible Things         Summoning                    8
   Trog disapproves of the use of such an item.
 B - a book of Alchemy

   Spells                             Type                      Level
   a - Sublimation of Blood           Necromancy                   2
   b - Ignite Poison                  Fire/Transmutation/Poison    3
   c - Alistair's Intoxication        Transmutation/Poison         4
   d - Condensation Shield            Ice                          4
   e - Petrify                        Transmutation/Earth          4
   f - Irradiate                      Conjuration/Transmutation    5
   Trog disapproves of the use of such an item.
 P - a book of Death

   Spells                             Type                      Level
   a - Corpse Rot                     Necromancy                   2
   b - Sublimation of Blood           Necromancy                   2
   c - Agony                          Necromancy                   5
   d - Dispel Undead                  Necromancy                   5
   e - Excruciating Wounds            Charms/Necromancy            5
   f - Bolt of Draining               Conjuration/Necromancy       5
   Trog disapproves of the use of such an item.
Comestibles
 g - 3 meat rations


   Skills:
 - Level 5.8 Fighting
 + Level 15.0 Maces & Flails
 - Level 3.6 Throwing
 - Level 1.5 Dodging
 - Level 0.4 Stealth
 - Level 1.3 Unarmed Combat


You had 10 spell levels left.
You didn't know any spells.

Dungeon Overview and Level Annotations

Branches:
Dungeon (12/15)               Orc (4/4) D:11            Elf (0/3) Orc:4
 Temple: D:4-7         Lair: D:8-11

Altars:
Ashenzari
Dithmenos
Gozag
Nemelex Xobeh
Okawaru
Qazlal
Sif Muna
Trog
Vehumet
Yredelemnul
Zin
Beogh

Shops:
D:7 [   D:12 [   Orc:4 }([?

Annotations:
D:10 exclusion: downstairs
D:12 Josephine


Innate Abilities, Weirdness & Mutations

You are too large for most types of armour.
You have claws for hands.
Your metabolism is lightning-fast.
You like to eat raw meat.
You heal very quickly.
You are covered in fur (AC +1).
You have very tough skin (AC +2).
You have large cloven feet.
You are resistant to hostile enchantments.
Potions and wands are less effective at restoring your health.


Message History

The eight-headed hydra bites you.
* * * LOW HITPOINT WARNING * * *
The eight-headed hydra bites you.
* * * LOW HITPOINT WARNING * * *
You sock the eight-headed hydra!
Your kick misses the eight-headed hydra.
The eight-headed hydra is severely wounded.
Unknown command.
You sock the eight-headed hydra! You kick the eight-headed hydra.
The eight-headed hydra is almost dead.
The eight-headed hydra barely misses you.
The eight-headed hydra closely misses you.
The eight-headed hydra bites you.
* * * LOW HITPOINT WARNING * * *
The eight-headed hydra bites you but does no damage.
The eight-headed hydra barely misses you.
The eight-headed hydra bites you.
* * * LOW HITPOINT WARNING * * *
The eight-headed hydra bites you.
You die...

#....# #..# ##....###.#
##......#..#
##..#.......##
#..#....###..###
##.##....# ##...#
#..##....# ###.#
#.###....######.### #.#
#....##.....@.# ..#
#.[..##....##D#########
.##
##..###....##.%........
## ####....##..........
# #.<..(..##..........
...#
#...#....####)..##..#
##...#...#######
#.......# #.....#.
...###..# ##....y..
....# .#


You could see an eight-headed hydra.

Vanquished Creatures
  Erolcha (Orc:3)
  A hill giant (D:12)
  An ugly thing (D:10)
  An orc sorcerer (Orc:4)
  Maurice (Orc:2)
  A centaur zombie (D:10)
  A centaur skeleton (D:10)
  4 trolls
  A wraith (D:12)
  A hippogriff (D:7)
  4 yaks
  A hungry ghost (D:7)
  4 wargs
  28 orc warriors
  2 ice beasts
  4 sky beasts
  A black bear (D:6)
  3 phantoms
  4 ogres
  A centaur (D:7)
  The ghost of Loris the Conjurer, an amateur HEWz (D:3)
  2 giant frogs
  A big kobold (D:7)
  A scorpion (D:8)
  A water moccasin skeleton (D:8)
  7 killer bees
  23 orc priests
  A jelly (D:5)
  3 crimson imps
  36 orc wizards
  3 hounds
  Terence (D:2)
  3 worker ants
  An iguana (D:6)
  A hound zombie (D:7)
  A worker ant zombie (D:10)
  7 adders
  3 gnolls (D:6)
  A shadow imp (D:7)
  2 worms
  2 giant geckos
  160 orcs
  2 giant cockroaches
  A goblin (D:2)
  A hobgoblin (D:1)
  4 jackals
  8 kobolds
  2 quokkas
  A ball python (D:4)
  3 bats
  A giant gecko skeleton (D:6)
  A giant newt (D:7)
  7 rats
357 creatures vanquished.

Vanquished Creatures (others)
  An orc (Orc:2)
1 creature vanquished.

Grand Total: 358 creatures vanquished

Notes
Turn   | Place    | Note
--------------------------------------------------------------
     0 | D:1      | brucemayne the Troll Hunter began the quest for the Orb.
     0 | D:1      | Reached XP level 1. HP: 19/19 MP: 0/0
   156 | D:1      | Reached skill level 1 in Unarmed Combat
   335 | D:2      | Noticed Terence
   342 | D:2      | Killed Terence
   342 | D:2      | Reached XP level 2. HP: 18/27 MP: 1/1
   342 | D:2      | Reached XP level 3. HP: 22/33 MP: 2/2
   498 | D:4      | Noticed a phantom
   520 | D:3      | Noticed Loris's ghost (amateur HEWz)
   535 | D:3      | Reached XP level 4. HP: 34/41 MP: 3/3
   552 | D:3      | Killed Loris's ghost
   552 | D:3      | Reached skill level 4 in Maces & Flails
   552 | D:3      | Reached XP level 5. HP: 42/48 MP: 4/4
   701 | D:3      | Found an opulent altar of Gozag.
   703 | D:3      | Found an iron altar of Okawaru.
   704 | D:3      | Found a shadowy altar of Dithmenos.
   707 | D:3      | Found a glowing silver altar of Zin.
   777 | D:3      | Killed a phantom
   777 | D:3      | Reached skill level 5 in Maces & Flails
   777 | D:3      | Reached XP level 6. HP: 53/55 MP: 5/5
   976 | D:5      | Entered Level 5 of the Dungeon
  1041 | D:6      | Reached skill level 6 in Maces & Flails
  1106 | D:6      | Reached XP level 7. HP: 57/62 MP: 6/6
  1118 | D:6      | Found a shattered altar of Ashenzari.
  1227 | D:5      | Reached skill level 7 in Maces & Flails
  1446 | D:5      | Found a basalt altar of Yredelemnul.
  1477 | D:5      | Found a bloodstained altar of Trog.
  1514 | D:5      | Became a worshipper of Trog the Wrathful
  1782 | D:6      | Reached skill level 8 in Maces & Flails
  1839 | D:6      | Reached XP level 8. HP: 70/70 MP: 7/7
  2077 | D:6      | Found a deep blue altar of Sif Muna.
  2086 | D:6      | Reached skill level 9 in Maces & Flails
  2203 | D:7      | Found Norajem's Armour Shop.
  2217 | D:7      | Noticed a hippogriff
  2240 | D:7      | Killed a hippogriff
  2300 | D:7      | Gained mutation: You have large cloven feet. [potion of beneficial mutation]
  2312 | D:7      | Noticed a hungry ghost
  2320 | D:7      | Killed a hungry ghost
  2320 | D:7      | Reached skill level 10 in Maces & Flails
  2370 | D:7      | Gained mutation: Potions and wands are less effective at restoring your health. [mutagenic meat]
  2371 | D:7      | Gained mutation: You are resistant to hostile enchantments. [mutagenic meat]
  2456 | D:7      | Acquired Trog's first power
  2611 | D:8      | Reached XP level 9. HP: 76/76 MP: 8/8
  2662 | D:8      | Found a sparkling altar of Nemelex Xobeh.
  2727 | D:8      | Found a stormy altar of Qazlal.
  2756 | D:8      | Reached skill level 11 in Maces & Flails
  3066 | D:10     | Entered Level 10 of the Dungeon
  3091 | D:10     | Acquired Trog's second power
  3151 | D:10     | Noticed a centaur skeleton
  3172 | D:10     | Killed a centaur skeleton
  3172 | D:10     | Reached skill level 12 in Maces & Flails
  3249 | D:10     | Noticed a centaur zombie
  3263 | D:10     | Killed a centaur zombie
  3304 | D:10     | Noticed a white ugly thing
  3315 | D:10     | Killed a white ugly thing
  3315 | D:10     | Reached XP level 10. HP: 83/85 MP: 9/9
  3372 | D:10     | Reached skill level 13 in Maces & Flails
  3775 | D:10     | HP: 5/127 [killer bee (4)]
  3948 | D:10     | Noticed an iron golem
  3948 | D:10     | Noticed an iron golem
  3948 | D:10     | Noticed an iron golem
  3948 | D:10     | Noticed an iron golem
  4020 | D:11     | Found a staircase to the Orcish Mines.
  4063 | Orc:1    | Entered Level 1 of the Orcish Mines
  4268 | Orc:2    | Noticed Maurice
  4401 | Orc:2    | Killed Maurice
  4753 | Orc:3    | Noticed Erolcha
  4912 | Orc:4    | Entered Level 4 of the Orcish Mines
  4941 | Orc:4    | Acquired Trog's third power
  5058 | Orc:3    | Killed Erolcha
  5058 | Orc:3    | Reached skill level 5 in Fighting
  5121 | Orc:4    | Found a roughly hewn altar of Beogh.
  5158 | Orc:4    | Received a gift from Trog
  5250 | Orc:4    | Found a roughly hewn altar of Beogh.
  5274 | Orc:4    | Reached XP level 11. HP: 105/105 MP: 10/10
  5333 | Orc:4    | Found a staircase to the Elven Halls.
  5468 | Orc:4    | Received a gift from Trog
  5505 | Orc:4    | HP: 5/105 [orc warrior/halberd (9)]
  5667 | Orc:4    | Found a roughly hewn altar of Beogh.
  5667 | Orc:4    | Found Iriemmeo's Gadget Boutique.
  6233 | Orc:4    | Reached skill level 14 in Maces & Flails
  6237 | Orc:4    | Received a gift from Trog
  6253 | Orc:4    | Noticed an orc sorcerer
  6287 | Orc:4    | Killed an orc sorcerer
  6288 | Orc:4    | HP: 4/157 [orc warrior/halberd (20)]
  6458 | Orc:4    | Received a gift from Trog
  6525 | Orc:4    | Found a roughly hewn altar of Beogh.
  6526 | Orc:4    | Found Unnoz's Magic Scroll Shoppe.
  6601 | Orc:4    | Bought a scroll of teleportation for 36 gold pieces
  6816 | Orc:4    | Found Daapruydo's Antique Weapon Shop.
  6817 | Orc:4    | Found a roughly hewn altar of Beogh.
  6819 | Orc:4    | Found Suixt's Antique Armour Boutique.
  6837 | Orc:4    | Bought a runed morningstar for 120 gold pieces
  6908 | Orc:4    | Noticed an orc warlord
  6982 | Orc:4    | Bought a wand of hasting (3) for 546 gold pieces
  6982 | Orc:4    | Bought a wand of teleportation (6) for 390 gold pieces
  7030 | Orc:3    | Found a radiant altar of Vehumet.
  7123 | Orc:4    | Received a gift from Trog
  7256 | D:12     | Found Geduow's Antique Armour Shoppe.
  7352 | D:11     | Noticed a hill giant
  7357 | D:11     | Noticed a purple ugly thing
  7395 | D:12     | Noticed a hill giant
  7412 | D:12     | Killed a hill giant
  7459 | D:12     | Reached skill level 15 in Maces & Flails
  7461 | D:12     | Noticed Josephine
  7749 | D:11     | Noticed a centaur skeleton
  7761 | D:11     | Noticed an eight-headed hydra
  7777 | D:11     | HP: 5/157 [eight-headed hydra (4)]
  7777 | D:11     | HP: 2/157 [eight-headed hydra (3)]
  7777 | D:11     | Slain by an eight-headed hydra

Vault maps used:
D:1:      onia_arrival_pyramid, eino_curves_02
D:2:      first_bread, hex_large, serial_bayou_pond_d, uniq_jessica,
          uniq_terence
D:3:      grunt_temple_overflow_open
D:4:      serial_shops, kennysheep_little_box, kennysheep_generic_room_6
D:5:      lemuel_blue_sif_altar, overflow_temple_1_default, fedhas_altar_1,
          tso_altar, basic_altar
D:6:      kennysheep_orc_sif_temple, kennysheep_mini_moat, serial_corexii_hall,
          corexii_hall_statues_i, corexii_hall_statues_i
D:7:      minmay_temple_entry_enclosed_plants, serial_shops, shop,
          kennysheep_small_square
D:8:      nemelex_deck, grunt_qazlal_sundering, hangedman_little_slice_of_home
D:9:      minmay_misc_feat_chi, roderic_roman_lattice, uniq_gastronok
D:10:     cheibrodos_stairvault_heist
D:11:     lemuel_ice_spiral_2, erik_lair_dragon, hangedman_decor_points
D:12:     special_room, serial_shops, shop, uniq_nessos, uniq_josephine,
          uniq_sonja
Orc:1:    serial_shops, shop, trog_hazing_becter
Orc:2:    uniq_maurice
Orc:3:    nicolae_orc_accident_3, basic_altar, nicolae_orc_pool_cavern,
          uniq_erolcha
Orc:4:    grunt_orc_community_town_hall, grunt_orc_community_big_house_1,
          grunt_orc_community_big_house_1, grunt_orc_community_house_2,
          grunt_orc_community_house_2, grunt_orc_community_house_3,
          grunt_orc_community_house_3, grunt_orc_community_house_3

Action                   |  1- 3 |  4- 6 |  7- 9 | 10-12 || total
-------------------------+-------+-------+-------+-------++-------
Melee: Short sword       |    26 |       |       |       ||    26
       Whip              |    24 |       |       |       ||    24
       Mace              |     7 |   111 |   430 |   652 ||  1200
       Morningstar       |       |       |       |   146 ||   146
       Flail             |       |       |       |    47 ||    47
Throw: Large rock        |     5 |    19 |    34 |    56 ||   114
       Throwing net      |       |       |     4 |     1 ||     5
Invok: Berserk           |       |       |     2 |    15 ||    17
       Trog's Hand       |       |       |       |     8 ||     8
       Brothers in Arms  |       |       |       |     1 ||     1
Evoke: Wand              |       |       |     1 |    10 ||    11
  Use: Scroll            |       |     3 |     8 |     2 ||    13
       Potion            |       |       |     2 |     4 ||     6
 Stab: Held in net/web   |       |       |     3 |       ||     3
       Sleeping          |       |       |     2 |       ||     2
       Confused          |       |       |       |     1 ||     1
  Eat: Chunk             |     1 |     6 |    11 |    46 ||    64
       Bread ration      |       |       |     3 |     3 ||     6
       Beef jerky        |       |       |     1 |       ||     1
       Pizza             |       |       |       |     1 ||     1
